 Dungeon Crawl Stone Soup version 0.17-a0-1596-g1e86911 (webtiles) character file.

81 Kold the Chopper (level 4, 0/35 HPs)
             Began as a Demonspawn Gladiator on July 31, 2015.
             Slain by an adder (2 damage)
             ... on level 3 of the Dungeon.
             The game lasted 00:02:33 (2647 turns).

Kold the Chopper (Demonspawn Gladiator)             Turns: 2647, Time: 00:02:33

Health: 0/35       AC:  3    Str: 15    XL:     4   Next: 19%
Magic:  4/4        EV: 13    Int: 10    God:
Gold:   106        SH:  0    Dex: 14    Spells: 0 memorised, 3 levels left

rFire  . . .     SeeInvis .     a - +0 war axe
rCold  . . .     Clarity  .     b - +0 leather armour
rNeg   . . .     SustAt   .     (no shield)
rPois  .         Gourm    .     (helmet restricted)
rElec  .         Spirit   .     (no cloak)
rCorr  .         Warding  .     (no gloves)
rMut   .         Stasis   .     (no boots)
MR     .....                    (no amulet)
Stlth  ++........               (no ring)
                                (no ring)

@: not resistant to hostile enchantments, unstealthy
A: antennae 1, nightstalker 1
a: no special abilities


You were on level 3 of the Dungeon.
You were hungry.

You visited 1 branch of the dungeon, and saw 3 of its levels.

You collected 106 gold pieces.

Inventory:

Hand weapons
 a - a +0 war axe (weapon)
Missiles
 d - 3 throwing nets (quivered)
Armour
 b - a +0 leather armour (worn)
 c - a +0 helmet
Scrolls
 f - 2 scrolls of teleportation {unknown}
 g - a scroll of identify {unknown}
 h - 2 scrolls of remove curse {unknown}
 i - a scroll of magic mapping {unknown}
Potions
 j - a potion of invisibility {unknown}
 k - a potion of haste {unknown}
 l - a potion of curing {unknown}
 m - a potion of might {unknown}
Comestibles
 e - 3 bread rations


   Skills:
 + Level 3.0 Fighting
 + Level 3.4 Axes
 - Level 1.8 Throwing
 + Level 3.3 Dodging


You had 3 spell levels left.
You didn't know any spells.

Dungeon Overview and Level Annotations

Branches:
Dungeon (3/15)

Altars:
Dithmenos

Annotations:
D:3 Nattefrost's ghost, average MiBe


Innate Abilities, Weirdness & Mutations

You have a pair of small antennae on your head.
You are slightly more attuned to the shadows.


Message History

You are too injured to fight recklessly!
You are too injured to fight recklessly!
You are too injured to fight recklessly!
You are too injured to fight recklessly!
You hit Nattefrost's ghost.
Nattefrost's ghost is lightly damaged.
You closely miss the adder. The adder closely misses you.
Nattefrost's ghost barely misses you. The adder barely misses you.
You slash Nattefrost's ghost!
Nattefrost's ghost is heavily damaged.
You barely miss the adder. Nattefrost's ghost hits you.
* * * LOW HITPOINT WARNING * * *
The adder barely misses you.
Nattefrost's ghost hits you but does no damage.
You closely miss Nattefrost's ghost.
Nattefrost's ghost is heavily damaged.
You completely miss the adder. The adder barely misses you.
Nattefrost's ghost completely misses you.
The adder bites you.
You die...

... #... .#
..###.. ..# .#
#..#..# #..#
..##.....##..#
...........[.
#...SW....#
##...@...## #.#
##.........##..#
...............#
..##.....##....#
. #..#..###..##
#..###..##..#
.... ##......#
...#..#....>..#
.#.#......#.####


You could see Nattefrost's ghost and an adder.

Vanquished Creatures
  2 adders (D:2)
  4 worms
  3 giant geckos
  2 giant cockroaches
  6 hobgoblins
  6 jackals
  A ball python (D:1)
  8 bats
  2 giant newts
  4 goblins
  4 kobolds (D:2)
  6 rats
48 creatures vanquished.

Notes
Turn   | Place    | Note
--------------------------------------------------------------
     0 | D:1      | Kold the Demonspawn Gladiator began the quest for the Orb.
     0 | D:1      | Reached XP level 1. HP: 16/16 MP: 1/1
   332 | D:1      | Gained mutation: You have a pair of small antennae on your head. [demonic ancestry]
   332 | D:1      | Reached XP level 2. HP: 20/22 MP: 2/2
   413 | D:1      | Reached skill level 3 in Dodging
   818 | D:2      | HP: 1/23 [jackal (1)]
   819 | D:2      | Reached XP level 3. HP: 1/28 MP: 3/3
  2153 | D:2      | Gained mutation: You are slightly more attuned to the shadows. [demonic ancestry]
  2153 | D:2      | Reached XP level 4. HP: 20/34 MP: 4/4
  2621 | D:3      | Found a shadowy altar of Dithmenos.
  2639 | D:3      | Noticed Nattefrost's ghost (average MiBe)
  2646 | D:3      | HP: 1/35 [Nattefrost's ghost (6)]
  2647 | D:3      | Slain by an adder

Vault maps used:
D:1:      mrwooster_arrival_arrow, minmay_misc_feat_five, minmay_surrounded
D:2:      first_bread, roderic_digamma_sauvastika
D:3:      nicolae_dithmenos_shadow_blocks, ecumenical_altar_1,
          lemuel_statue_altar

Action                   |  1- 3 |  4- 6 || total
-------------------------+-------+-------++-------
Melee: War axe           |   133 |    16 ||   149
 Stab: Sleeping          |     1 |     1 ||     2
  Eat: Chunk             |     4 |     1 ||     5
